Map: Winter Madness LE

Players

princeyolo

  • Race: Terran Terran
  • League: Diamond
  • Spawn Location: 5:00

HoldTheDoor - Winner!

  • Race: Protoss Protoss
  • League: Diamond
  • Spawn Location: 11:00

VOD

Have the link to the VOD?

Description

Time

  • Played on: May 19, 2026, 12:22 p.m.
  • Length: 15:25
Show
View Real Time Build Order
Export as new Build Order

princeyolo Terran 

Build Orders: Cyclone Opening 

Get SALT Encoding   

  12  0:00  SCV  
  13  0:12  SCV  
  14  0:18  Supply Depot  
  14  0:24  SCV  
  15  0:39  SCV  
  15  0:41  Barracks  
  16  0:48  Refinery  
  16  0:53  SCV  
  17  1:05  SCV  
  18  1:17  SCV  
  19  1:29  Marine  
  19  1:30  Orbital Command  
  19  1:48  Marine  
  20  1:56  SCV  
  20  1:57  Command Center  
  21  2:08  Factory  
  21  2:09  SCV  
  22  2:16  Supply Depot  
  22  2:21  SCV  
  23  2:28  Refinery  
  23  2:29  Barracks Tech Lab  
  23  2:37  SCV  
  24  2:49  SCV  
  25  2:57  Cyclone  
  28  3:01  Barracks Tech Lab, SCV  
  29  3:10  Orbital Command  
  29  3:14  Bunker  
  29  3:20  Starport  
  29  3:21  Marauder  
  29  3:25  SCV  
  32  3:34  Cyclone  
  32  3:36  SCV  
  32  3:37  SCV  
  37  3:48  SCV, Refinery  
  40  3:51  SCV  
  39  4:00  SCV  
  40  4:09  Barracks Reactor  
  40  4:11  Raven  
  40  4:16  Refinery  
  40  4:17  SCV x2  
  43  4:23  Supply Depot  
  44  4:24  Supply Depot  
  44  4:27  Engineering Bay  
  44  4:29  SCV  
  45  4:32  Barracks  
  45  4:33  Barracks  
  45  4:36  SCV  
  46  4:45  SCV  
  50  4:48  SCV  
  48  4:57  SCV  
  49  5:00  Factory Tech Lab, SCV  
  49  5:02  Stimpack  
  50  5:08  Terran Infantry Weapons Level 1  
  50  5:09  Starport Reactor, SCV  
  50  5:11  Marine  
  50  5:13  SCV  
  53  5:21  SCV  
  53  5:22  Command Center  
  53  5:25  SCV, Supply Depot  
  55  5:29  Marine  
  55  5:33  SCV  
  57  5:37  SCV  
  57  5:39  Combat Shield, Marine  
  57  5:40  Marine x2  
  61  5:45  Supply Depot  
  61  5:47  Marine, Supply Depot  
  61  5:48  Engineering Bay  
  62  5:51  Widow Mine  
  62  5:52  Supply Depot  
  64  5:57  Marine x2  
  64  5:58  Marine, Medivac  
  64  6:01  SCV  
  70  6:06  Medivac, SCV  
  70  6:08  Marine  
  74  6:13  SCV  
  74  6:15  Terran Infantry Armor Level 1, Marine  
  74  6:18  Widow Mine  
  78  6:19  SCV, Marine x2  
  81  6:26  SCV, Marine  
  83  6:33  Marine  
  83  6:37  Marine  
  83  6:38  Marauder  
  90  6:40  Siege Tank  
  90  6:41  Refinery  
  90  6:44  Marine  
  90  6:45  Refinery  
  91  6:48  Concussive Shells  
  91  6:51  Marine  
  92  6:55  Marine, Armory  
  92  6:59  Orbital Command, Marauder  
  92  7:00  SCV x2  
  97  7:01  Marine  
  98  7:08  Marine  
  98  7:12  SCV, Marine  
  101  7:17  Supply Depot  
  101  7:20  Supply Depot, Marine, Marauder  
  101  7:21  Supply Depot  
  104  7:26  Liberator, Marine  
  108  7:30  Marine  
  108  7:32  Supply Depot  
  109  7:39  Liberator, Marauder  
  109  7:41  Marine  
  115  7:44  Marine, Supply Depot  
  115  7:47  Supply Depot, Terran Infantry Weapons Level 2  
  115  7:48  Marine  
  115  7:50  Terran Ship Weapons Level 1  
  114  7:59  Marauder  
  114  8:01  Marauder  
  95  8:10  Liberator  
  88  8:17  Widow Mine, Marine x2  
  86  8:20  Marine  
  86  8:21  Liberator  
  86  8:22  Marauder  
  86  8:25  Barracks, Terran Infantry Armor Level 2  
  90  8:27  Barracks  
  90  8:33  SCV x3  
  93  8:35  Marine x2  
  93  8:38  Widow Mine, Marauder  
  99  8:43  Marauder  
  99  8:45  SCV x2  
  103  8:54  Command Center  
  94  8:59  Marine, Widow Mine  
  94  9:00  Marine, Marauder  
  97  9:04  Marine  
  97  9:06  Medivac, Liberator  
  103  9:15  Missile Turret  
  103  9:16  Missile Turret  
  103  9:18  Barracks Reactor x2  
  103  9:21  Siege Tank, Marauder  
  103  9:22  Marauder  
  110  9:27  Marine  
  110  9:28  Marine, Refinery  
  112  9:37  Starport  
  112  9:41  Medivac  
  112  9:42  Marine  
  112  9:43  Marine  
  112  9:45  Marine x2  
  116  9:49  SCV  
  119  9:58  Missile Turret  
  119  9:59  Siege Tank  
  122  10:00  Marine  
  122  10:01  Marine  
  122  10:03  Marine x2  
  126  10:08  Fusion Core  
  126  10:17  Marine  
  126  10:19  Marauder  
  126  10:21  Marine  
  129  10:23  Orbital Command  
  129  10:26  SCV x2  
  129  10:27  Marine x5  
  137  10:31  Starport Reactor  
  137  10:33  Siege Tank  
  140  10:35  Terran Ship Weapons Level 2  
  140  10:36  Marauder  
  140  10:38  SCV  
  140  10:41  Marauder  
  145  10:50  Medivac x2, Command Center  
  145  10:52  SCV  
  145  10:53  SCV  
  151  11:02  Supply Depot, Advanced Ballistics  
  151  11:03  Supply Depot  
  151  11:05  Terran Infantry Weapons Level 3  
  151  11:06  Supply Depot  
  151  11:08  Supply Depot  
  151  11:10  Marine x4  
  157  11:11  Marauder  
  157  11:17  Marine x2, Supply Depot  
  154  11:43  Marine x2  
  154  11:44  Marine x2, Marauder  
  154  11:45  Marine x2, Marauder  
  141  11:47  Liberator x2  
  120  12:01  Marine x3  
  120  12:02  Marine x2, Liberator x2  
  120  12:03  Marine  
  120  12:06  Marauder x2  
  116  12:17  Siege Tank  
  116  12:19  Marine x4  
  116  12:20  Marine x2  
  121  12:27  Marauder x2  
  125  12:45  Liberator  
  125  12:46  Medivac x3  
  125  12:48  Command Center  
  125  12:49  Marauder x2  
  138  12:54  Siege Tank  
  138  12:56  Marine x2  
  143  13:07  Terran Vehicle And Ship Armor Level 1  
  143  13:10  Marauder x2  
  147  13:12  Marine  
  147  13:13  Marine x2  
  147  13:17  Liberator  
  153  13:25  Medivac  
  155  13:29  Marine x2  
  155  13:31  Marauder  
  155  13:32  Marauder  
  161  13:41  Medivac  
  161  13:42  Liberator, Marine  
  161  13:43  Marine  
  168  13:53  Marauder x2  
  172  14:04  Command Center  
  172  14:06  Liberator x2, Marine  
  179  14:14  Marauder x2  
  183  14:28  Hi-Sec Auto Tracking  
  186  14:32  Marine x3  
  186  14:35  Thor  
  186  14:36  Marauder x2  
  196  14:39  Planetary Fortress  
  196  14:42  SCV  
  197  14:48  Refinery x2, Marine x2  
  199  14:55  Missile Turret  
  199  15:00  Bunker  
  199  15:12  Refinery  
Show
View Real Time Build Order
Export as new Build Order

HoldTheDoor Protoss - Winner!

Build Orders: 1 Gate Expand, Archon Immortal 

Get SALT Encoding   

  12  0:00  Probe  
  13  0:12  Probe  
  14  0:20  Pylon  
  14  0:24  Probe  
  15  0:34  Probe  
  15  0:40  Gateway  
  15  0:42  Probe  
  17  0:53  Probe  
  17  0:56  Assimilator  
  18  1:05  Probe  
  19  1:25  Nexus  
  19  1:33  Cybernetics Core  
  19  1:38  Probe  
  20  1:51  Probe  
  20  1:53  Pylon  
  21  2:01  Assimilator, Adept  
  21  2:03  Probe  
  22  2:12  Warp Gate  
  24  2:15  Shield Battery  
  24  2:18  Probe  
  25  2:26  Pylon  
  25  2:30  Probe  
  26  2:42  Probe  
  26  2:43  Probe  
  28  2:55  Probe x2, Twilight Council  
  30  3:04  Shield Battery  
  30  3:07  Probe  
  30  3:11  Gateway  
  31  3:20  Gateway  
  31  3:23  Probe  
  31  3:26  Sentry  
  34  3:28  Probe  
  34  3:31  Charge  
  35  3:35  Probe  
  35  3:41  Probe  
  37  3:43  Assimilator  
  37  3:47  Probe  
  38  3:56  Probe  
  38  3:58  Pylon  
  38  3:59  Probe  
  40  4:05  Zealot  
  40  4:08  Probe  
  43  4:10  Zealot  
  43  4:12  Probe  
  46  4:17  Robotics Facility  
  46  4:18  Pylon  
  46  4:20  Probe  
  47  4:24  Probe  
  48  4:32  Probe  
  48  4:36  Probe  
  50  4:44  Probe  
  51  4:48  Probe  
  51  4:50  Templar Archives  
  51  4:52  Pylon  
  52  4:54  Pylon  
  52  4:56  Gateway  
  52  5:00  Pylon  
  52  5:03  Forge  
  52  5:04  Zealot x2  
  52  5:06  Sentry  
  58  5:12  Immortal  
  62  5:21  Protoss Ground Weapons Level 1, Probe  
  62  5:22  Probe  
  62  5:25  Assimilator  
  62  5:28  Pylon  
  64  5:32  Psionic Storm  
  64  5:33  Probe  
  64  5:34  Probe  
  64  5:35  High Templar  
  68  5:38  Zealot  
  68  5:39  Zealot  
  72  5:48  Photon Cannon  
  72  5:53  Probe, Photon Cannon  
  73  5:58  Observer  
  74  6:06  Zealot  
  74  6:07  Zealot x3  
  82  6:12  Immortal  
  86  6:23  Probe x2  
  88  6:35  Probe  
  89  6:40  Gateway  
  89  6:42  Gateway  
  89  6:43  Gateway  
  89  6:45  Gateway, Immortal  
  89  6:47  High Templar  
  89  6:48  High Templar  
  97  6:55  Zealot x2  
  101  7:02  Pylon, Shield Battery  
  101  7:07  Shield Battery  
  101  7:08  Pylon  
  101  7:26  High Templar x3  
  101  7:29  Warp Prism  
  107  7:30  High Templar  
  107  7:32  Protoss Ground Armor Level 1, Archon  
  107  7:34  Archon  
  107  7:37  Probe x2  
  87  8:14  Stalker x6  
  87  8:15  Stalker  
  101  8:22  Nexus  
  101  8:24  Pylon  
  101  8:26  Pylon  
  101  8:28  Immortal  
  101  8:29  Pylon  
  105  8:36  Zealot  
  105  8:37  Zealot x3  
  105  9:04  Stalker x2  
  105  9:05  Stalker x4  
  105  9:06  Stalker  
  119  9:15  Stargate  
  119  9:16  Pylon  
  119  9:29  Photon Cannon  
  119  9:32  Photon Cannon  
  119  9:35  Photon Cannon  
  119  9:38  Shield Battery  
  119  9:39  Pylon  
  119  9:40  Probe  
  119  9:43  Probe x2  
  122  9:55  Zealot x4  
  122  9:56  Blink  
  122  9:57  Protoss Ground Armor Level 2  
  130  10:00  Phoenix  
  132  10:14  Probe x2  
  132  10:15  Protoss Air Weapons Level 1, Probe  
  132  10:18  Assimilator  
  135  10:22  Assimilator  
  135  10:30  Phoenix  
  135  10:33  Immortal  
  141  10:37  Probe x2  
  141  10:38  Probe  
  144  10:44  Nexus  
  144  10:51  High Templar  
  144  10:54  High Templar x2  
  144  10:56  Zealot x3  
  144  10:57  Zealot  
  158  11:01  Phoenix  
  160  11:11  Photon Cannon  
  160  11:13  Shield Battery  
  160  11:14  Probe  
  161  11:18  Pylon  
  161  11:22  Immortal  
  165  11:31  Fleet Beacon, Pylon  
  156  11:45  Stalker x2  
  156  11:46  Stalker x2  
  125  12:01  Phoenix  
  126  12:05  Probe  
  126  12:06  Probe x3  
  130  12:25  Zealot  
  130  12:26  Zealot x6  
  144  12:49  Carrier  
  146  13:01  Probe x4  
  150  13:10  Photon Cannon  
  150  13:12  Photon Cannon  
  150  13:13  Probe  
  150  13:17  Photon Cannon, Probe, Pylon  
  152  13:32  Stargate  
  152  13:33  Probe x2  
  154  13:35  Probe  
  154  13:38  Probe  
  156  13:45  Probe  
  157  13:53  Carrier, Stargate  
  163  13:56  Pylon  
  163  13:57  Probe  
  163  14:00  Assimilator  
  163  14:02  Assimilator  
  164  14:05  Photon Cannon  
  164  14:07  Photon Cannon  
  164  14:09  Pylon  
  164  14:11  Shield Battery  
  164  14:14  Shield Battery, Probe  
  164  14:16  Probe  
  164  14:17  Probe  
  167  14:20  High Templar x2  
  167  14:22  High Templar  
  167  14:23  High Templar  
  175  14:24  High Templar  
  175  14:26  Archon  
  175  14:27  Archon  
  175  14:28  High Templar x3  
  183  14:34  Archon x2  
  183  14:37  Pylon  
  183  14:40  Pylon  
  183  14:43  Pylon  
  183  14:48  Pylon  
  189  14:59  Archon  
  189  15:03  Zealot x4  
  189  15:04  Zealot  
Tags
 
Add a new tag
Caveats
  • Supply blocks, unpowered buildings, or Contaminate may cause inaccurate times.
  • Supply counts are checked every 10 seconds.